 Dungeon Crawl Stone Soup version 0.23.1 (webtiles) character file.

Game seed: 7665716717676571561

527 Fang the Skirmisher (level 7, 0/66 HPs)
             Began as a Gargoyle Berserker on Mar 7, 2019.
             Was an Elder of Trog.
             Slain by an ice beast (10 damage)
             ... on level 5 of the Dungeon.
             The game lasted 00:04:48 (3142 turns).

Fang the Skirmisher (Gargoyle Berserker)            Turns: 3142, Time: 00:04:48

Health: 0/66       AC: 14    Str: 28    XL:     7   Next: 23%
Magic:  0/7        EV: 10    Int:  7    God:    Trog [****..]
Gold:   278        SH:  0    Dex:  9    Spells: 6/6 levels left

rFire    . . .     SeeInvis .   a - +0 hand axe
rCold    . . .     Gourm    .   (no shield)
rNeg     + . .     Faith    .   o - +0 chain mail
rPois    ∞         Spirit   +   (no helmet)
rElec    +         Reflect  .   h - scarf {Spirit}
rCorr    .         Harm     .   (no gloves)
MR       .....                  (no boots)
Stlth    ..........             (no amulet)
HPRegen  0.21/turn              k - ring of stealth
MPRegen  0.10/turn              (no ring)

@: berserking, very quick
A: negative energy resistance 1, electricity resistance, unbreathing,
petrification resistance, rot immunity, AC +4
a: Berserk, Trog's Hand, Brothers in Arms, Renounce Religion


You were on level 5 of the Dungeon.
You worshipped Trog.
Trog was greatly pleased with you.
You were very hungry.

You visited 2 branches of the dungeon, and saw 6 of its levels.

You collected 278 gold pieces.

Inventory:

Hand Weapons
 a - a +0 hand axe (weapon)
Armour
 h - a scarf of spirit shield (worn)
 o - a +0 chain mail (worn)
Jewellery
 k - a ring of stealth (left hand)
Wands
 f - a wand of iceblast (12)
 n - a wand of disintegration (6)
Scrolls
 b - 3 scrolls of identify {unknown}
 g - 2 scrolls of amnesia {unknown}
 i - 2 scrolls of immolation {unknown}
 j - 2 scrolls of blinking {unknown}
 l - a scroll of enchant armour {unknown}
 m - a scroll of teleportation {unknown}
 p - 2 scrolls of remove curse {unknown}
Potions
 e - 2 potions of cancellation {unknown}
 q - a potion of might {unknown}
 r - a potion of resistance {unknown}
Comestibles
 c - 8 rations


   Skills:
 + Level 5.1 Fighting
 + Level 4.3 Axes
 + Level 4.5 Armour
 + Level 3.3 Dodging


You had 6 spell levels left.
You didn't know any spells.
Your spell library was empty.

Dungeon Overview and Level Annotations

Branches:
Dungeon (5/15)             Temple (1/1) D:4

Altars:
Ru
Trog
Vehumet
Wu Jian


Innate Abilities, Weirdness & Mutations

You are resistant to torment.
Your stone body is resilient. (AC +4)
You are immune to poison.
You resist negative energy. (rN+)
You are resistant to electric shocks. (rElec)
You can survive without breathing.
You are immune to petrification.
You are immune to rotting.


Message History

You hit the ice beast but do no damage.
The ice beast is moderately wounded.
The ice beast hits you but does no damage.
You barely miss the ice beast.
The ice beast is moderately wounded.
The ice beast hits you. The ice beast freezes you!
* * * LOW HITPOINT WARNING * * *
You closely miss the ice beast.
The ice beast is moderately wounded.
The ice beast hits you but does no damage.
A red film seems to cover your vision as you go berserk!
You feel yourself moving faster!
You feel mighty!
You are feeling very hungry.
The ice beast hits you but does no damage.
You closely miss the ice beast.
The ice beast is moderately wounded.
The ice beast hits you.
* * * LOW HITPOINT WARNING * * *
The ice beast freezes you!
You die...

### ..# #.#
#.# #.# ####.#
### #...Y###
....
#(.@..#####
..#
##.##......
..##
##........
#.###.##......
#<.#.....#####
##.......#
#.#.###.#
#.#..# .#
#.##.# #


You could see an ice beast.

Vanquished Creatures
  A howler monkey (D:3)
  3 orc priests (D:4)
  A hound (D:3)
  3 worker ants (D:4)
  4 orc wizards (D:4)
  A howler monkey skeleton (D:4)
  6 adders
  A shadow imp (D:5)
  3 worms
  3 dart slugs
  6 leopard geckos
  7 orcs (D:4)
  11 bats
  5 giant cockroaches
  8 goblins
  14 hobgoblins
  8 jackals
  8 kobolds
  A quokka (D:2)
  8 frilled lizards
  12 rats
114 creatures vanquished.

Notes
Turn   | Place    | Note
-------+----------+-------------------------------------------
     0 | D:1      | Fang the Gargoyle Berserker began the quest for the Orb.
     0 | D:1      | Reached XP level 1. HP: 14/14 MP: 1/1
    32 | D:1      | Reached XP level 2. HP: 14/19 MP: 2/2
   469 | D:1      | Reached XP level 3. HP: 21/23 MP: 3/3
   628 | D:1      | Reached ** piety under Trog
   841 | D:2      | Reached XP level 4. HP: 26/29 MP: 4/4
  1263 | D:2      | Reached skill level 4 in Fighting
  1535 | D:3      | Reached XP level 5. HP: 33/33 MP: 5/5
  1700 | D:3      | Reached *** piety under Trog
  2248 | D:4      | Reached XP level 6. HP: 35/39 MP: 6/6
  2475 | D:4      | Reached skill level 5 in Fighting
  2475 | D:4      | Reached XP level 7. HP: 29/44 MP: 2/7
  2481 | D:4      | Found a staircase to the Ecumenical Temple.
  2508 | Temple   | Entered the Ecumenical Temple
  2616 | D:4      | Reached **** piety under Trog
  3114 | D:5      | Entered Level 5 of the Dungeon
  3142 | D:5      | Slain by an ice beast

Skill      XL: |  1  2  3  4  5  6 |
---------------+-------------------+-----
Axes           | 3 4 |  4.3
Dodging        | 2 3 |  3.3
Armour         | 3 4 |  4.5
Fighting       | 4 5 |  5.1

Action                   |  1- 3 |  4- 6 |  7- 9 || total
-------------------------+-------+-------+-------++-------
Melee: Hand axe          |    90 |   249 |    35 ||   374
Invok: Berserk           |     1 |     1 |     2 ||     4
  Eat: Chunk             |     1 |     6 |     3 ||    10
Armor: Animal skin       |    27 |       |       ||    27
       Scale mail        |     7 |    86 |       ||    93
       Chain mail        |       |   123 |    35 ||   158
Dodge: Dodged            |    60 |   156 |    13 ||   229
